AoeStats
← AlLaN

Oasis

509879360Analyzed
4v4 RM · 5d ago on Sep 28, 2026· 76m 43s· 8 players
Game mode
Random Map
Map size
Large (8 player)
Population
200
Speed
Normal
Resources
Standard
Victory
Conquest
Starting age
Dark Age
Ending age
Imperial Age
RankedLock teamsTeams togetherTeam positionsShared explorationLock speedFull tech treeHidden civsTurbo modeCheats
Victory
Defeat
🇨🇳 Khmer · China
979
+15
🇨🇳 Franks · China
932
+17
🇨🇳 Magyars · China
898
+18
🇨🇳 Burgundians · China
897
+18
🇸🇪 Danes · Sweden
989
-18
🇫🇷 Ethiopians · France
963
-18
🇨🇴 Koreans · Colombia
928
-16
🇸🇪 Saxons · Sweden
926
-16
DreamDusty
10:51 Feudal Age
14:58 Castle Age
12:53 Double-Bit Axe
16:42 Bow Saw
17:20 Wheelbarrow
17:32 Loom
23:19 Gold Mining
24:01 Forging
23:30 Pikeman
25:09 Gold Shaft Mining
25:15 Scale Barding Armor
25:10 Town Watch
25:38 Husbandry
26:16 Iron Casting
27:17 Chain Barding Armor
28:35 Scale Mail Armor
28:35 Padded Archer Armor
32:29 Imperial Age
30:14 Hand Cart
30:00 Town Patrol
34:39 Chemistry
33:45 Siege Engineers
33:37 Murder Holes
33:21 Cavalier
33:29 Onager
34:53 Caravan
35:12 Paladin
37:45 Blast Furnace
37:21 Plate Barding Armor
36:37 Fletching
38:11 Herbal Medicine
40:11 Hoardings
39:56 Conscription
59:51 Bodkin Arrow
60:11 Leather Archer Armor
60:35 Elite Skirmisher
pacoyyds
12:42 Feudal Age
13:13 Horse Collar
13:18 Double-Bit Axe
18:50 Castle Age
17:17 Stone Mining
17:58 Gold Mining
19:40 Bow Saw
19:33 Heavy Plow
22:59 Loom
27:50 Tusk Swords
29:06 Wheelbarrow
29:03 Fervor
31:03 Gold Shaft Mining
31:04 Stone Shaft Mining
34:23 Imperial Age
32:11 Hand Cart
31:42 Town Watch
32:59 Padded Archer Armor
32:49 Fletching
33:06 Scale Barding Armor
33:12 Forging
34:22 Ballistics
35:46 Crop Rotation
34:47 Elite Ballista Elephant
35:50 Conscription
35:41 Caravan
35:52 Double Crossbow
35:58 Bodkin Arrow
38:38 Chemistry
37:50 Siege Engineers
38:51 Leather Archer Armor
40:22 Murder Holes
42:02 Ring Archer Armor
41:33 Bracer
41:53 Chain Barding Armor
42:09 Iron Casting
43:23 Husbandry
43:35 Bloodlines
42:49 Light Cavalry
44:33 Hoardings
45:38 Plate Barding Armor
45:18 Masonry
44:47 Hussar
47:58 Architecture
53:46 Blast Furnace
54:58 Coinage
61:11 Fortified Wall
Sanchi
11:09 Feudal Age
12:18 Horse Collar
16:22 Castle Age
14:57 Double-Bit Axe
17:09 Gold Mining
19:46 Bloodlines
20:19 Scale Barding Armor
21:50 Husbandry
24:19 Chain Barding Armor
33:38 Fletching
33:48 Padded Archer Armor
39:45 Imperial Age
37:34 Stone Mining
39:33 Gold Shaft Mining
41:26 Thumb Ring
44:27 Bodkin Arrow
44:48 Leather Archer Armor
45:45 Parthian Tactics
46:36 Conscription
46:23 Corvinian Army
48:44 Bracer
53:36 Heavy Plow
53:51 Bow Saw
54:35 Elite Magyar Huszar
60:14 Heavy Cavalry Archer
hayate kokoa
6:02 Loom
12:26 Feudal Age
13:29 Double-Bit Axe
23:42 Forging
28:17 Horse Collar
31:04 Castle Age
31:42 Scale Barding Armor
31:49 Husbandry
31:10 Cavalier
32:42 Gold Mining
32:44 Stone Mining
35:34 Bow Saw
35:41 Heavy Plow
42:28 Iron Casting
41:57 Padded Archer Armor
42:41 Wheelbarrow
43:17 Town Watch
43:48 Hand Cart
47:01 Stone Shaft Mining
47:01 Gold Shaft Mining
49:32 Burgundian Vineyards
52:09 Imperial Age
51:30 Caravan
51:40 Guilds
50:58 Light Cavalry
52:11 Leather Archer Armor
54:00 Chemistry
52:42 Treadmill Crane
52:29 Hussar
54:00 Crop Rotation
53:32 Paladin
60:21 Two-Man Saw
61:50 Blast Furnace
70:49 Chain Barding Armor
WololoJedi
9:26 Feudal Age
10:49 Wheelbarrow
10:02 Double-Bit Axe
10:30 Horse Collar
16:18 Gold Mining
21:11 Castle Age
19:11 Stone Mining
19:54 Forging
21:18 Scale Barding Armor
21:13 Scale Mail Armor
21:04 Fletching
22:19 Squires
25:29 Stone Shaft Mining
29:00 Light Cavalry
29:41 Husbandry
32:10 Pikeman
33:02 Arson
32:38 Man-at-Arms
41:07 Imperial Age
38:23 Loom
38:59 Heavy Plow
39:14 Bow Saw
39:36 Ballistics
40:57 Eupseong
40:32 Long Swordsman
41:13 Halberdier
42:21 Conscription
41:22 Elite War Wagon
41:55 Elite Fire Lancer
41:56 Two-Handed Swordsman
42:27 Town Watch
44:04 Champion
44:08 Heavy Rocket Cart
44:09 Capped Ram
46:22 Cavalier
49:17 Chemistry
52:25 Hand Cart
52:11 Town Patrol
53:17 Two-Man Saw
52:55 Gold Shaft Mining
52:19 Bodkin Arrow
52:40 Chain Mail Armor
52:43 Caravan
59:55 Shinkichon
AlLaN
11:32 Feudal Age
10:36 Loom
14:36 Double-Bit Axe
17:08 Castle Age
15:57 Horse Collar
22:15 Wheelbarrow
22:31 Forging
23:40 Bow Saw
23:49 Fletching
24:24 Bodkin Arrow
31:21 Hand Cart
36:34 Gold Mining
37:34 Caravan
37:59 Scale Mail Armor
39:27 Chain Mail Armor
40:03 Iron Casting
43:18 Imperial Age
41:45 Gold Shaft Mining
41:37 Stone Mining
45:28 Blast Furnace
44:59 Plate Mail Armor
44:21 Halberdier
47:39 Torsion Engines
49:17 Chemistry
49:16 Bracer
52:01 Siege Engineers
61:18 Two-Man Saw
THAI-MING
9:21 Feudal Age
9:53 Man-at-Arms
10:54 Arson
11:35 Arson
15:48 Loom
17:28 Horse Collar
22:49 Scale Mail Armor
23:01 Forging
27:42 Castle Age
26:17 Double-Bit Axe
26:35 Fletching
27:24 Stone Mining
30:01 Chain Mail Armor
30:22 Iron Casting
29:10 Long Swordsman
29:36 Gambesons
29:52 Squires
30:31 Bow Saw
30:34 Bodkin Arrow
30:59 Pikeman
34:37 Wheelbarrow
35:58 Hamask
37:46 Hand Cart
38:01 Elite Skirmisher
42:41 Imperial Age
40:34 Murder Holes
41:07 Gold Mining
45:50 Heavy Plow
46:40 Conscription
50:53 Plate Mail Armor
51:24 Blast Furnace
49:45 Halberdier
53:47 Gold Shaft Mining
54:53 Two-Handed Swordsman
54:59 Elite Varangian Guard
57:40 Onager
Avipt
12:22 Feudal Age
12:53 Double-Bit Axe
12:51 Horse Collar
14:53 Loom
21:15 Castle Age
20:33 Gold Mining
20:42 Stone Mining
23:53 Bow Saw
27:50 Heavy Plow
28:18 Arson
30:13 Squires
30:00 Gambesons
32:37 Ballistics
32:00 Treadmill Crane
31:46 Crossbowman
36:12 Imperial Age
34:28 Wheelbarrow
34:11 Thumb Ring
35:54 Forging
35:35 Fletching
35:46 Padded Archer Armor
35:47 Scale Mail Armor
36:35 Arbalester
37:21 Elite Varangian Guard
38:30 Shield Wall
39:31 Conscription
40:15 Hand Cart
40:16 Caravan
42:07 Chemistry
41:55 Iron Casting
41:16 Bodkin Arrow
42:35 Elite Skirmisher
44:27 Elite Hearth Troop
44:55 Pikeman
45:57 Murder Holes
46:09 Siege Engineers
47:09 Gold Shaft Mining
46:09 Onager
47:46 Halberdier
50:25 Two-Man Saw
49:52 Heavy Mounted Crossbowman
49:53 Cranequins
51:33 Chain Mail Armor
51:19 Bracer
51:35 Leather Archer Armor
51:27 Scale Barding Armor
60:29 Fortified Wall
67:49 Plate Mail Armor
Connection lost

Rejoining the realm…

Still unreachable

The connection could not be restored.

Session expired

The server has moved on; the page needs a fresh start.